 Dungeon Crawl Stone Soup version 0.21-a0-274-gc1afaeb (webtiles) character file.

1655 terra52 the Fighter (level 8, -6/112 HPs)
             Began as a Demonspawn Monk on Sept 19, 2017.
             Was an Elder of Kikubaaqudgha.
             Mangled by an orc warrior
             ... wielding a +0 trident
              (12 damage)
             ... on level 7 of the Dungeon.
             The game lasted 00:17:59 (5796 turns).

terra52 the Fighter (Demonspawn Monk)               Turns: 5796, Time: 00:18:00

Health: -6/112     AC: 24    Str: 11    XL:     8   Next: 68%
Magic:  13/13      EV:  2    Int: 20    God:    Kikubaaqudgha [****..]
Gold:   302        SH:  0    Dex: 20    Spells: 13/14 levels left

rFire    + . .     SeeInvis .   O - +4 quarterstaff of the Eternal Warrior {elec, rF+}
rCold    . . .     Gourm    .   (shield currently unavailable)
rNeg     + + +     Faith    .   (armour currently unavailable)
rPois    +         Spirit   .   (helmet currently unavailable)
rElec    .         Reflect  .   (cloak currently unavailable)
rCorr    .         Harm     .   (gloves currently unavailable)
MR       .....     NoTele   +   (boots currently unavailable)
Stlth    ++........             (no amulet)
HPRegen  0.28/turn              j - ring of loudness (curse)
MPRegen  0.13/turn              (no ring)

@: brilliant, agile, tree-form, hasted, very quick
A: robust 1
a: Receive Corpses, Renounce Religion


You were on level 7 of the Dungeon.
You worshipped Kikubaaqudgha.
Kikubaaqudgha was greatly pleased with you.
You were hungry.
You were a tree.
You visited 2 branches of the dungeon, and saw 8 of its levels.
You also visited: Ossuary.

You collected 302 gold pieces.

Inventory:

Hand Weapons
 a - a +0 mace
 z - a +0 whip of electrocution
 O - the +4 quarterstaff of the Eternal Warrior (weapon) {elec, rF+}
   (You found it on level 6 of the Dungeon)

   Occasionally, upon striking a foe, it will discharge some electrical energy
   and cause terrible harm.
   It protects you from fire.
Missiles
 y - 7 tomahawks (quivered)
Armour
 b - a +0 robe
 f - a +0 ring mail
 k - a scarf of cloud immunity (melded)
 x - a +0 buckler
 A - a +0 scale mail (melded)
Jewellery
 j - a cursed ring of loudness (left branch)
 u - an uncursed ring of fire {unknown}
 E - a cursed -3 ring of strength {unknown}
 P - an uncursed amulet of faith {unknown}
 Q - an uncursed amulet of harm {unknown}
Scrolls
 e - 5 scrolls of identify
 h - 2 scrolls of amnesia {unknown}
 n - 2 scrolls of enchant armour {unknown}
 p - a scroll of enchant weapon {unknown}
 q - 5 scrolls of immolation
 s - a scroll of fog {unknown}
 B - a scroll of fear {unknown}
 D - 2 scrolls of magic mapping {unknown}
 I - 3 scrolls of noise {unknown}
 N - a scroll of holy word {unknown}
 R - a scroll of remove curse {unknown}
Potions
 l - 3 potions of mutation
 m - a potion of curing
 o - 2 potions of flight
 J - a potion of magic {unknown}
 L - a potion of cancellation {unknown}
Books
 d - Kikubaaqudgha's Compendium of Necromancy
   (Kikubaaqudgha gifted it to you in the Ecumenical Temple)

   Spells                             Type                      Level
   a - Animate Skeleton               Necromancy                   1
   b - Corpse Rot                     Necromancy                   2
   c - Sublimation of Blood           Necromancy                   2
   d - Regeneration                   Charms/Necromancy            3
   e - Control Undead                 Necromancy                   4
 G - Kikubaaqudgha's Compendium of Stolen Souls
   (Kikubaaqudgha gifted it to you in an ossuary)

   Spells                             Type                      Level
   a - Animate Dead                   Necromancy                   4
   b - Bolt of Draining               Conjuration/Necromancy       5
   c - Agony                          Necromancy                   5
   d - Dispel Undead                  Necromancy                   5
   e - Simulacrum                     Ice/Necromancy               6
 K - the Grimoire of the Exiled Ships
   (You found it on level 5 of the Dungeon)

   Spells                             Type                      Level
   a - Slow                           Hexes                        2
   b - Throw Icicle                   Conjuration/Ice              4
   c - Freezing Cloud                 Conjuration/Ice/Air          6
   d - Discord                        Hexes                        8
 M - a book of Minor Magic

   Spells                             Type                      Level
   a - Magic Dart                     Conjuration                  1
   b - Blink                          Translocation                2
   c - Call Imp                       Summoning                    2
   d - Slow                           Hexes                        2
   e - Conjure Flame                  Conjuration/Fire             3
   f - Mephitic Cloud                 Conjuration/Poison/Air       3
Comestibles
 c - 8 bread rations
 r - 4 fruits
 v - 2 royal jellies
 w - 3 meat rations


   Skills:
 + Level 8.5 Fighting
 - Level 3.7(3.9) Maces & Flails
 + Level 1.5(2.8) Staves
 + Level 2.7 Armour
 - Level 2.7 Dodging
 - Level 1.7 Stealth
 + Level 3.6 Spellcasting
 + Level 4.3 Necromancy


You had 13 spell levels left.
You knew the following spells:

 Your Spells              Type           Power        Failure   Level  Hunger
a - Animate Skeleton      Necr           N/A          1%          1    None


Dungeon Overview and Level Annotations

Branches:
Dungeon (7/15)             Temple (1/1) D:4

Altars:
Ashenzari
Cheibriados
Fedhas
Hepliaklqana
Kikubaaqudgha
Makhleb
Nemelex Xobeh
Okawaru
Qazlal
Ru
Sif Muna
Trog
Uskayaw
Vehumet
Wu Jian
Xom
Yredelemnul
Zin
The Shining One


Innate Abilities, Weirdness & Mutations

((You have sharp toenails.))
((You are partially covered in slimy green scales. (AC +2)))
((Your flesh is very heat resistant. (rF++)))
((You are partially covered in sharp spines.))
You are robust. (+10% HP)


Message History

The orc warrior hits you but does no damage.
You aren't carrying any items that you can evoke.
Wield which item (- for none, * to show all)? (? for menu, Esc to quit)
Okay, then.
What are your orders? t - Creak!
Orders for allies: a - Attack new target. p - Attack previous target. r - Retreat! s - Stop attacking. g - Guard the area. f - Follow me.
Anything else - Cancel.
You creak for attention!
You hear a shout! x2
The orc warrior hits you but does no damage.
Throwing (i - inventory. (,) - cycle):
C - a javelin (quivered)
Press: ? - help, Shift-Dir - straight line, f/p - orc warrior
Aim: an orc warrior, wielding a trident and wearing a chain mail (lightly wounded)
You throw a javelin. The javelin hits the orc warrior.
The orc warrior is moderately wounded.
The orc warrior hits you from afar with a trident!
You die...
Kikubaaqudgha rasps: "You have failed me!
Welcome... death!"

############
#..........#
#..........#
############........>.#
#.....♣)o.##.>......?!#
#..(...).....)........#
#.........##....../...#
#.........##....#######
######.###...#### #..
.### ### .# .#


You could see an orc warrior.

Vanquished Creatures
  Grinder (D:5)
  A sky beast (D:6)
  A necrophage (D:6)
  A phantom (D:4)
  An ogre (D:6)
  A centaur (D:4)
  A bullfrog (D:6)
  Blork the orc (D:6)
  A gnoll sergeant (D:6)
  4 orc wizards
  2 jellies (D:6)
  3 orc priests
  3 worker ants
  7 big kobold zombies (Ossuary)
  A mummy (Ossuary)
  11 gnolls
  A howler monkey skeleton (D:6)
  9 adders
  2 shadow imps (D:5)
  2 oozes
  2 leopard geckos
  19 orcs
  A spectral bat (Ossuary)
  2 ball pythons
  11 bats
  4 giant cockroaches
  5 gnoll zombies (Ossuary)
  10 goblins
  6 hobgoblins
  10 jackals
  10 kobolds
  2 quokkas
  3 bat simulacra (Ossuary)
  9 frilled lizards
  4 goblin simulacra (Ossuary)
  3 goblin zombies (Ossuary)
  6 hobgoblin zombies (Ossuary)
  A jackal skeleton (D:5)
  A jackal zombie (D:6)
  2 kobold simulacra (Ossuary)
  3 kobold zombies (Ossuary)
  6 orc zombies (Ossuary)
  A quokka skeleton (D:4)
  8 rats
  3 rat simulacra (Ossuary)
  4 spectral goblins (Ossuary)
  7 spectral kobolds (Ossuary)
  2 spectral rats (Ossuary)
199 creatures vanquished.

Notes
Turn   | Place    | Note
-------+----------+-------------------------------------------
     0 | D:1      | terra52 the Demonspawn Monk began the quest for the Orb.
     0 | D:1      | Reached XP level 1. HP: 18/18 MP: 1/1
   313 | D:1      | Gained mutation: You are partially covered in slimy green scales. (AC +2) [demonic ancestry]
   313 | D:1      | Reached XP level 2. HP: 21/24 MP: 2/2
   499 | D:1      | Reached skill level 4 in Fighting
   814 | D:1      | Gained mutation: You are partially covered in sharp spines. [demonic ancestry]
   814 | D:1      | Reached XP level 3. HP: 24/30 MP: 3/3
  1073 | D:2      | Reached skill level 5 in Fighting
  1073 | D:2      | Gained mutation: Your flesh is heat resistant. (rF+) [demonic ancestry]
  1073 | D:2      | Reached XP level 4. HP: 15/39 MP: 4/4
  1323 | D:2      | Found a sparkling altar of Nemelex Xobeh.
  1936 | D:3      | Reached XP level 5. HP: 27/46 MP: 5/5
  2056 | D:2      | Found a shimmering altar of Xom.
  2114 | D:4      | Reached skill level 6 in Fighting
  2426 | D:4      | Reached XP level 6. HP: 52/53 MP: 6/6
  2489 | D:4      | Gained mutation: You are robust. (+10% HP) [potion of mutation]
  2489 | D:4      | Gained mutation: Your flesh is very heat resistant. (rF++) [potion of mutation]
  2581 | D:4      | Reached skill level 7 in Fighting
  2862 | D:4      | Found a staircase to the Ecumenical Temple.
  2879 | Temple   | Entered the Ecumenical Temple
  2965 | Temple   | Became a worshipper of Kikubaaqudgha
  2965 | Temple   | Reached * piety under Kikubaaqudgha
  2965 | Temple   | Identified Kikubaaqudgha's Compendium of Necromancy (Kikubaaqudgha gifted it to you in the Ecumenical Temple)
  2965 | Temple   | Received a gift from Kikubaaqudgha
  2965 | Temple   | Reached ** piety under Kikubaaqudgha
  2969 | Temple   | Learned a level 1 spell: Animate Skeleton
  3093 | D:4      | Found a stormy altar of Qazlal.
  3094 | D:4      | Noticed a water elemental
  3096 | D:4      | Noticed an air elemental
  3096 | D:4      | Noticed a fire elemental
  3187 | D:4      | Reached skill level 1 in Spellcasting
  3187 | D:4      | Reached skill level 1 in Necromancy
  3511 | D:3      | Found a faded altar of an unknown god.
  3567 | D:5      | Entered Level 5 of the Dungeon
  3576 | D:5      | Found a sand-covered staircase.
  3581 | Ossuary  | Entered an ossuary
  3687 | Ossuary  | Reached XP level 7. HP: 65/66 MP: 8/8
  3781 | Ossuary  | Reached *** piety under Kikubaaqudgha
  3781 | Ossuary  | Identified Kikubaaqudgha's Compendium of Stolen Souls (Kikubaaqudgha gifted it to you in an ossuary)
  3781 | Ossuary  | Received a gift from Kikubaaqudgha
  4032 | D:5      | Noticed Grinder
  4051 | D:5      | Paralysed by Grinder for 2 turns
  4067 | D:5      | Killed Grinder
  4067 | D:5      | Reached skill level 1 in Armour
  4129 | D:5      | Found a hazy altar of Hepliaklqana.
  4163 | D:5      | Identified the Grimoire of the Exiled Ships
  4215 | D:5      | Found a glowing golden altar of the Shining One.
  4444 | D:5      | Found a blossoming altar of Fedhas.
  4514 | D:6      | Got a blackened quarterstaff
  4520 | D:6      | Identified the +4 quarterstaff of the Eternal Warrior {elec, rF+} (You found it on level 6 of the Dungeon)
  4589 | D:6      | Found a bloodstained altar of Trog.
  4600 | D:6      | Noticed Blork the orc
  4603 | D:6      | Killed Blork the orc
  4603 | D:6      | Reached skill level 8 in Fighting
  4609 | D:6      | Gained mutation: You have sharp toenails. [demonic ancestry]
  4609 | D:6      | Reached XP level 8. HP: 69/74 MP: 11/11
  4672 | D:6      | Reached **** piety under Kikubaaqudgha
  4847 | D:6      | Reached skill level 1 in Staves
  5501 | D:6      | Found a sacrificial altar of Ru.
  5788 | D:7      | HP: 3/112 [orc warrior/trident (3)]
  5796 | D:7      | Mangled by an orc warrior

Vault maps used:
D:1:      lightli_molten_gateway, minmay_tetromino_t2
D:2:      lemuel_upstairs_altar, nemelex_xobeh_ov_fountains_minmay
D:3:      chequers_ecumenical_altar_grove, first_bread
D:4:      nicolae_qazlal_style_of_elements, minmay_temple_entry_poolview
D:5:      lemuel_doored_altar, fedhas_altar_4, nicolae_tso_carved_into_rock,
          lightli_ossuary_entry_decrepit_ruins, uniq_grinder
D:6:      lemuel_crystal_altar, nicolae_ru_path_of_blood, uniq_blork_the_orc
D:7:      grunt_livestock
Temple:   nicolae_temple_great_sept
Ossuary:  ossuary_zaba_two_paths

Skill      XL: |  1  2  3  4  5  6  7  8 |
---------------+-------------------------+-----
Fighting       | 4 5 6 7 8 |  8.5
Spellcasting   | 1 2 3 |  3.6
Necromancy     | 1 3 4 |  4.3
Maces & Flails | 3 |  3.7
Armour         | 1 2 |  2.7
Staves         | 1 |  1.5
Dodging        | |  2.7
Stealth        | |  1.7

Action                   |  1- 3 |  4- 6 |  7- 9 || total
-------------------------+-------+-------+-------++-------
Melee: Mace              |   113 |   142 |       ||   255
       Whip              |       |    68 |   140 ||   208
       Quarterstaff      |       |       |    79 ||    79
       Kick              |       |       |    15 ||    15
Throw: Javelin           |       |       |     4 ||     4
 Cast: Animate Skeleton  |       |       |     1 ||     1
  Use: Potion            |       |     6 |     6 ||    12
       Scroll            |       |     2 |     2 ||     4
 Stab: Sleeping          |     2 |       |       ||     2
  Eat: Chunk             |     1 |     8 |     6 ||    15
       Fruit             |       |     1 |       ||     1
Armor: Robe              |     7 |       |       ||     7
       Ring mail         |    40 |    38 |       ||    78
       Scale mail        |       |    67 |    68 ||   135
       Skin              |       |       |    16 ||    16
Dodge: Dodged            |   100 |    90 |    54 ||   244
Block: Buckler           |       |    30 |    16 ||    46

Table legend:
 A = Spawn XP
 B = Non-spawn XP
 C = Spawn XP percentage of total XP
 D = Spawn monster count
 E = Non-spawn monster count
 F = Spawn count percentage of total count
 G = Total turns spent on level
                    A         B        C        D         E        F      G
               +---------+---------+-------+---------+---------+-------+---------
         Total |       0 |    2365 |   0.0 |       0 |     199 |   0.0 |  5796
               +---------+---------+-------+---------+---------+-------+---------
           D:1 |       0 |      48 |   0.0 |       0 |      29 |   0.0 |  1020
           D:2 |       0 |     110 |   0.0 |       0 |      26 |   0.0 |   808
           D:3 |       0 |     108 |   0.0 |       0 |      24 |   0.0 |   647
           D:4 |       0 |     444 |   0.0 |       0 |      20 |   0.0 |   992
           D:5 |       0 |     366 |   0.0 |       0 |      11 |   0.0 |   717
           D:6 |       0 |     988 |   0.0 |       0 |      27 |   0.0 |   800
           D:7 |       0 |      52 |   0.0 |       0 |       5 |   0.0 |   283
       Ossuary |       0 |     249 |   0.0 |       0 |      57 |   0.0 |   429
               +---------+---------+-------+---------+---------+-------+---------
